 Dungeon Crawl Stone Soup version 0.18.1-1-g2f07953 (webtiles) character file.

18904 Korgoth the Fighter (level 12, -3/116 HPs)
             Began as a Minotaur Berserker on May 10, 2016.
             Was a High Priest of Trog.
             Slain by a merfolk impaler
             ... wielding a +1 trident of venom
              (11 damage)
             ... on level 1 of the Shoals on May 11, 2016.
             The game lasted 02:34:36 (14099 turns).

Korgoth the Fighter (Minotaur Berserker)           Turns: 14099, Time: 02:34:36

Health: -3/116     AC: 21    Str: 26    XL:     12   Next: 31%
Magic:  11/11      EV: 16    Int: 11    God:    Trog [*****.]
Gold:   710        SH:  0    Dex: 14    Spells: 0 memorised, 11 levels left

rFire  + . .     SeeInvis +     R - +1 executioner's axe of Inuweb {flame, rF+ rN+ Str+3 Int+7}
rCold  . . .     Gourm    .     w - +0 plate armour
rNeg   + . .     Faith    .     (shield currently unavailable)
rPois  .         Spirit   .     g - +2 hat {SInv}
rElec  .         Dismiss  .     j - +0 cloak
rCorr  .         Reflect  .     (no gloves)
SustAt .         Harm     .     (no boots)
MR     ++...                    (no amulet)
Stlth  ..........               J - +4 ring of evasion
                                p - +4 ring of protection

@: lethally poisoned (-3 -> -14), regenerating, very resistant to hostile
enchantments, extremely unstealthy
A: retaliatory headbutt, horns 2
a: Berserk, Trog's Hand, Brothers in Arms, Burn Spellbooks, Renounce Religion


You were on level 1 of the Shoals.
You worshipped Trog.
Trog was extremely pleased with you.
You were full.

You visited 4 branches of the dungeon, and saw 15 of its levels.
You also visited: Ossuary.

You collected 710 gold pieces.

Inventory:

Hand Weapons
 a - a +3 hand axe of freezing
 v - a +0 flail of draining
 A - a +2 antimagic eveningstar
 H - a +2 hand axe of electrocution
 O - a +2 broad axe of flaming
 Q - a +2 flail of protection
 R - the +1 executioner's axe of Inuweb (weapon) {flame, rF+ rN+ Str+3 Int+7}
   (Trog gifted it to you on level 2 of the Lair of Beasts)

   It has been specially enchanted to burn those struck by it, causing extra
   injury to most foes and up to half again as much damage against particularly
   susceptible opponents.
   Big, fiery blades are also staple armaments of hydra-hunters.
   It affects your strength (+3).
   It affects your intelligence (+7).
   It protects you from fire.
   It protects you from negative energy.
Armour
 g - a +2 hat of see invisible (worn)
 j - a +0 cloak (worn)
 q - a +3 ring mail of positive energy
 s - a +1 large shield
 w - a +0 plate armour (worn)
Jewellery
 d - a +2 ring of strength
 p - a +4 ring of protection (left hand)
 r - an uncursed ring of ice
 J - a +4 ring of evasion (right hand)
 L - a +3 ring of dexterity
Wands
 m - a wand of polymorph (12/24)
 z - a wand of teleportation (9/9)
 W - a wand of polymorph (11/24)
 Y - a wand of polymorph (9/24)
Scrolls
 h - 7 scrolls of remove curse
 u - 6 scrolls of teleportation
 x - 3 scrolls of fog
 D - 2 scrolls of recharging
 E - 2 scrolls of magic mapping
 G - a scroll of fear
 M - a scroll of enchant weapon {unknown}
 P - a scroll of summoning {unknown}
 S - 3 scrolls of immolation
 T - a scroll of blinking {unknown}
Potions
 b - a potion of agility {unknown}
 f - a potion of resistance {unknown}
 i - 3 potions of beneficial mutation {unknown}
 k - 3 potions of magic
 l - 3 potions of haste
 o - 3 potions of flight
 C - 3 potions of heal wounds {unknown}
 F - a potion of berserk rage {unknown}
 K - 2 potions of brilliance
 N - 2 potions of might {unknown}
 V - a potion of lignification {unknown}
Comestibles
 c - a bread ration
 n - 31 fruits
 I - 9 meat rations
 U - 7 slices of pizza


   Skills:
 * Level 13.7 Fighting
 * Level 11.3(12.9) Axes
 + Level 10.4(12.4) Maces & Flails
 + Level 9.7 Armour
 + Level 9.4 Dodging
 - Level 0.1 Stealth


You had 11 spell levels left.
You didn't know any spells.

Dungeon Overview and Level Annotations

Branches:
Dungeon (10/15)            Temple (1/1) D:6            Lair (3/8) D:10
 Shoals (1/4) Lair:3          Orc (0/2) D:10
  Snake: Lair:3-6    Spider: Lair:3-6

Altars:
Ashenzari
Cheibriados
Dithmenos
Elyvilon
Fedhas
Gozag
Kikubaaqudgha
Makhleb
Nemelex Xobeh
Okawaru
Pakellas
Qazlal
Ru
Vehumet
Xom
Yredelemnul
Zin
The Shining One
Beogh

Shops:
D:5 }!   D:8 [


Innate Abilities, Weirdness & Mutations

You reflexively headbutt those who attack you in melee.
You have a pair of horns on your head.


Message History

The merfolk impaler hits you but does no damage.
The merfolk completely misses you.
You feel very sick.
The merfolk impaler hits you from afar with a trident of venom!!
* * * LOW HITPOINT WARNING * * *
You feel very sick.
The merfolk hits you but does no damage.
The merfolk impaler hits you but does no damage.
You are more poisoned.
You miss the merfolk impaler.
Your headbutt misses the merfolk impaler.
The merfolk impaler is severely wounded.
You slice the merfolk!! You burn the merfolk.
The merfolk is heavily wounded.
You feel very sick.
The merfolk impaler hits you with a trident of venom.
* * * LOW HITPOINT WARNING * * *
The merfolk hits you but does no damage.
The merfolk impaler hits you with a trident of venom!
You die...

≈≈≈≈≈≈≈≈≈≈≈..≈≈≈≈≈
≈≈≈≈≈≈≈≈≈≈≈≈≈$≈≈≈..
≈≈≈≈≈≈≈≈≈≈≈≈≈≈≈≈≈.. ≈≈≈≈≈≈
≈≈≈≈≈≈≈≈≈≈≈≈≈≈≈c.#...≈≈≈≈≈≈≈
≈≈≈≈≈≈≈≈≈≈≈≈≈≈≈..##.≈≈≈≈≈≈≈≈
≈≈≈≈≈≈≈≈≈≈≈≈≈≈≈≈....≈≈≈≈≈≈≈≈
≈≈≈≈≈≈≈.≈≈≈≈≈≈≈≈≈...≈≈..≈≈≈≈
≈≈≈≈≈≈≈....mm.≈≈≈≈≈≈≈...###.
≈≈≈≈≈≈≈.###@.≈≈≈≈≈≈≈≈....##.
≈≈≈≈≈≈≈..##..≈≈≈≈≈.....#....
≈≈≈≈≈≈≈≈.#...≈≈≈≈≈.....##...
≈≈≈≈≈≈≈......≈P≈≈..###.....≈
≈≈≈≈≈≈≈...≈≈≈≈≈≈≈.####.....≈
≈≈≈≈≈≈≈≈≈≈P≈≈≈≈≈>†.##.......
≈≈≈≈≈≈≈≈≈≈P≈≈PP≈...P..≈≈....
≈≈≈≈≈≈≈≈≈≈P≈≈≈≈≈.........#.≈
≈≈≈≈≈≈≈≈P≈≈PP≈≈..#.......##≈


You could see a merfolk impaler, a merfolk and a faun.

Vanquished Creatures
  A merfolk impaler (Shoals:1)
  3 hydras
  A hill giant (D:10)
  A sea snake (Shoals:1)
  A manticore (Shoals:1)
  2 fauns (Shoals:1)
  Joseph (D:7)
  A spiny frog (Lair:1)
  2 gargoyles (D:10)
  3 sirens (Shoals:1)
  2 komodo dragons (Lair:1)
  A rime drake (Lair:1)
  4 merfolk (Lair:3)
  A wind drake (Shoals:1)
  3 trolls (D:10)
  A two-headed ogre (D:8)
  19 yaks
  A wyvern (D:8)
  A hippogriff (Lair:1)
  2 hungry ghosts
  A porcupine (Lair:2)
  A water moccasin (Lair:2)
  An ice beast (D:10)
  2 black bears (D:10)
  4 orc warriors
  2 phantoms (D:9)
  2 sky beasts (D:9)
  3 ogres
  A necrophage (D:9)
  5 centaurs
  3 crocodiles
  5 big kobolds
  9 giant frogs
  Blork the orc (D:4)
  A wyvern skeleton (D:9)
  4 scorpions
  5 howler monkeys (D:8)
  13 wights
  An electric eel (Lair:2)
  2 crimson imps
  2 giant frog zombies
  3 hounds
  5 orc priests
  A jelly (D:5)
  6 orc wizards
  A centaur skeleton (D:8)
  A giant frog skeleton (D:10)
  9 iguanas
  Ijyb (D:3)
  7 worker ants
  A big kobold zombie (Ossuary)
  2 sheep (D:9)
  2 hound skeletons
  3 mummies (Ossuary)
  2 howler monkey zombies
  9 adders
  40 river rats
  4 gnolls
  2 shadow imps
  2 adder skeletons
  An adder zombie (Ossuary)
  6 worms
  4 dart slugs
  2 giant geckos
  44 orcs
  5 giant cockroaches
  4 goblins
  6 hobgoblins
  2 jackals (D:2)
  8 quokkas
  10 bats
  A giant gecko skeleton (D:4)
  3 giant newts
  A gnoll zombie (Ossuary)
  A goblin zombie (Ossuary)
  2 hobgoblin zombies (Ossuary)
  21 kobolds
  5 kobold zombies (Ossuary)
  3 quokka zombies (Ossuary)
  6 rats
  4 rat zombies (Ossuary)
  6 plants
365 creatures vanquished.

Vanquished Creatures (others)
  A plant (Shoals:1)
1 creature vanquished.

Grand Total: 366 creatures vanquished

Notes
Turn   | Place    | Note
--------------------------------------------------------------
     0 | D:1      | Korgoth the Minotaur Berserker began the quest for the Orb.
     0 | D:1      | Reached XP level 1. HP: 19/19 MP: 0/0
   372 | D:1      | Reached XP level 2. HP: 26/27 MP: 1/1
   584 | D:1      | Reached skill level 4 in Fighting
   730 | D:2      | Reached ** piety under Trog
   913 | D:2      | Found a white marble altar of Elyvilon.
   936 | D:2      | Reached XP level 3. HP: 23/33 MP: 2/2
  1137 | D:2      | Reached XP level 4. HP: 36/41 MP: 3/3
  1868 | D:3      | Noticed a centaur
  1878 | D:3      | Killed a centaur
  1878 | D:3      | Reached skill level 5 in Fighting
  1878 | D:3      | Reached XP level 5. HP: 19/48 MP: 4/4
  2100 | D:3      | Reached *** piety under Trog
  2101 | D:3      | Found a burning altar of Makhleb.
  2384 | D:3      | Noticed Ijyb
  2397 | D:3      | Killed Ijyb
  2498 | D:3      | Reached XP level 6. HP: 21/57 MP: 5/5
  2715 | D:3      | Reached skill level 6 in Fighting
  2715 | D:3      | Reached skill level 5 in Maces & Flails
  2806 | D:3      | Found a shadowy altar of Dithmenos.
  3218 | D:4      | Noticed Blork the orc
  3226 | D:4      | Killed Blork the orc
  3527 | D:4      | Found a sand-covered staircase.
  3535 | D:4      | Reached XP level 7. HP: 64/64 MP: 6/6
  3544 | Ossuary  | Entered an ossuary
  3824 | Ossuary  | Reached skill level 7 in Fighting
  4129 | D:4      | Reached **** piety under Trog
  4338 | D:5      | Entered Level 5 of the Dungeon
  4487 | D:5      | Found Failiv's Distillery.
  4570 | D:5      | Reached skill level 5 in Armour
  4820 | D:5      | Found a basalt altar of Yredelemnul.
  4821 | D:5      | Found an opulent altar of Gozag.
  5039 | D:5      | Reached skill level 5 in Dodging
  5117 | D:5      | Reached XP level 8. HP: 73/74 MP: 7/7
  5119 | D:5      | Reached skill level 8 in Fighting
  5172 | D:5      | Found Ratiraipp's Gadget Shop.
  5384 | D:6      | Found a staircase to the Ecumenical Temple.
  5459 | Temple   | Entered the Ecumenical Temple
  5851 | D:6      | Identified a scroll of acquirement
  6019 | D:7      | Noticed Joseph
  6031 | D:7      | Killed Joseph
  6205 | D:7      | You fall through a shaft for 2 floors!
  6233 | D:9      | Reached skill level 9 in Fighting
  6331 | D:8      | Reached XP level 9. HP: 59/83 MP: 8/8
  6593 | D:8      | Reached skill level 10 in Fighting
  6774 | D:8      | Found Byrph's Armour Emporium.
  6923 | D:8      | Reached ***** piety under Trog
  6923 | D:8      | Reached skill level 5 in Axes
  7762 | D:9      | Found a shattered altar of Ashenzari.
  7844 | D:9      | Reached XP level 10. HP: 87/94 MP: 9/9
  8192 | D:9      | Noticed a two-headed hydra
  8200 | D:9      | Killed a one-headed hydra
  8200 | D:9      | Reached skill level 11 in Fighting
  8294 | D:10     | Entered Level 10 of the Dungeon
  8477 | D:10     | Noticed a gargoyle
  8492 | D:10     | Killed a gargoyle
  8871 | D:10     | Noticed a hill giant
  8898 | D:10     | Killed a hill giant
  9172 | D:10     | Noticed a gargoyle
  9196 | D:10     | Killed a gargoyle
  9200 | D:10     | Received a gift from Trog
  9200 | D:10     | Reached skill level 12 in Fighting
  9224 | D:10     | Reached XP level 11. HP: 47/104 MP: 10/10
  9484 | D:10     | Found a roughly hewn altar of Beogh.
  9484 | D:10     | Found a staircase to the Orcish Mines.
  9973 | D:10     | Found a staircase to the Lair.
 10292 | Lair:1   | Entered Level 1 of the Lair of Beasts
 10696 | Lair:1   | Noticed an eight-headed hydra
 10713 | Lair:1   | Killed a four-headed hydra
 10742 | Lair:1   | Noticed a seven-headed hydra
 10752 | Lair:1   | Killed a four-headed hydra
 10888 | Lair:1   | Received a gift from Trog
 11842 | Lair:1   | Reached skill level 10 in Axes
 11856 | Lair:1   | Reached skill level 13 in Fighting
 12169 | Lair:2   | Got a heavily runed copper ring
 12177 | Lair:2   | Identified the ring "Ducuxt" {*Confuse +Blink rElec EV+3 Int-2} (You found it on level 2 of the Lair of Beasts)
 12272 | Lair:2   | Found a sparkling altar of Nemelex Xobeh.
 12624 | Lair:2   | Received a gift from Trog
 12637 | Lair:2   | Reached skill level 10 in Maces & Flails
 12646 | Lair:2   | Got an ichor-stained executioner's axe {god gift}
 12654 | Lair:2   | Identified the +1 executioner's axe of Inuweb {flame, rF+ rN+ Str+3 Int+7} (Trog gifted it to you on level 2 of the Lair of Beasts)
 13455 | Lair:3   | Found a staircase to the Shoals.
 13458 | Lair:3   | Reached XP level 12. HP: 82/115 MP: 11/11
 13659 | Shoals:1 | Entered Level 1 of the Shoals
 13840 | Shoals:1 | Noticed a merfolk impaler
 13851 | Shoals:1 | Killed a merfolk impaler
 14085 | Shoals:1 | Noticed a merfolk impaler
 14099 | Shoals:1 | Slain by a merfolk impaler

Skill      XL: |  1  2  3  4  5  6  7  8  9 10 11 12 |
---------------+-------------------------------------+-----
Maces & Flails | 4 5 6 7 8 9 10 | 10.4
Fighting       | 4 5 6 7 9 10 12 13 | 13.7
Dodging        | 3 4 5 6 7 8 9 |  9.4
Armour         | 3 4 5 6 7 8 9 |  9.7
Axes           | 3 6 8 10 11 | 11.3
Stealth        | |  0.1

Action                   |  1- 3 |  4- 6 |  7- 9 | 10-12 || total
-------------------------+-------+-------+-------+-------++-------
Melee: Mace              |    70 |   113 |       |       ||   183
       Headbutt          |     9 |    33 |   100 |   130 ||   272
       Flail             |       |    56 |   163 |    56 ||   275
       Hand axe          |       |       |   183 |    22 ||   205
       Broad axe         |       |       |       |   185 ||   185
       War axe           |       |       |       |     5 ||     5
       Eveningstar       |       |       |       |   154 ||   154
       Executioner's axe |       |       |       |    55 ||    55
Throw: Tomahawk          |       |       |       |     1 ||     1
Invok: Trog's Hand       |       |     1 |       |     6 ||     7
       Burn Spellbooks   |       |       |       |     4 ||     4
       Berserk           |       |       |       |     1 ||     1
  Use: Potion            |     1 |     1 |       |     2 ||     4
       Scroll            |       |     1 |    15 |     3 ||    19
 Stab: Sleeping          |     2 |       |       |       ||     2
  Eat: Chunk             |     1 |     7 |     4 |       ||    12
       Meat ration       |       |       |     2 |     1 ||     3
       Royal jelly       |       |       |     1 |     1 ||     2
       Pizza             |       |       |     1 |       ||     1
       Beef jerky        |       |       |     2 |       ||     2
       Bread ration      |       |       |       |     4 ||     4
Armor: Animal skin       |    19 |     8 |       |       ||    27
       Ring mail         |       |    26 |    90 |    47 ||   163
       Scale mail        |       |    15 |       |       ||    15
       Chain mail        |       |     2 |       |       ||     2
       Plate armour      |       |       |       |   119 ||   119
Dodge: Dodged            |    51 |    89 |    85 |   196 ||   421
Block: Large shield      |       |     7 |   201 |   251 ||   459
